 Dungeon Crawl Stone Soup version 0.28.0-53-g5a82cb258f (webtiles) character file.

Game seed: 13570787511171342945

22981 cbfl8 the Cleaver (level 12, -1/168 HPs)
             Began as a Minotaur Berserker on July 15, 2022.
             Was a High Priest of Trog.
             Slain by an orc knight
             ... wielding a +2 great mace of protection
              (16 damage)
             ... on level 12 of the Dungeon.
             The game lasted 00:31:02 (13196 turns).

cbfl8 the Cleaver (Minotaur Berserker)             Turns: 13196, Time: 00:31:03

Health: -1/168     AC: 20    Str: 24    XL:     12   Next: 67%
Magic:  11/11      EV:  9    Int:  4    God:    Trog [*****.]
Gold:   616        SH: 11    Dex: 16    Spells: 11/11 levels left

rFire   . . .      SeeInvis .   N - +2 war axe (freeze)
rCold   . . .      Faith    .   J - +0 kite shield
rNeg    . . .      Spirit   .   u - +0 plate armour
rPois   +          Reflect  .   (helmet restricted)
rElec   .          Harm     .   (no cloak)
rCorr   .          Rampage  +   R - +0 pair of gloves
Will    .....                   v - +3 pair of boots of Hauqaig {Rampage rPois Will- Dex+3}
Stlth   ..........              a - amulet of regeneration
HPRegen 0.00/turn               G - ring of willpower
MPRegen 0.12/turn               E - +4 ring of slaying

@: berserking, inhibited regen, very quick
A: horns 2, retaliatory headbutt, inhibited regeneration
a: Renounce Religion, Berserk, Trog's Hand, Brothers in Arms


You were on level 12 of the Dungeon.
You worshipped Trog.
Trog was extremely pleased with you.
You visited 1 branch of the dungeon, and saw 14 of its levels.
You also visited: Sewer and Ossuary.

You collected 616 gold pieces.

Inventory:

Hand Weapons
 g - a +2 antimagic war axe
 h - a +5 antimagic great sword
 N - a +2 war axe of freezing (weapon)
 O - a +0 battleaxe
 S - the +6 eveningstar of Gin and Tonic {vorpal, Contam rN++}
   (You found it on level 10 of the Dungeon)

   It inflicts extra damage upon your enemies.
   rN:        It greatly protects you from negative energy.
   Contam:    It causes magical contamination when unequipped.
 T - a +4 rapier of flaming
Missiles
 b - a throwing net (quivered)
Armour
 u - a +0 plate armour (worn)
 v - the +3 pair of boots of Hauqaig (worn) {Rampage rPois Will- Dex+3}
   (You found it on level 8 of the Dungeon)

   Dex:       It affects your dexterity (+3).
   rPois:     It protects you from poison.
   Rampage:   It bestows one free step when moving towards enemies.
   Will:      It decreases your willpower.
 I - +0 acid dragon scales
 J - a +0 kite shield (worn)
 P - a +2 pair of boots of stealth
 R - a +0 pair of gloves (worn)
Jewellery
 a - an amulet of regeneration (around neck)
 n - an amulet of the acrobat
 r - a +4 ring of evasion
 t - a +4 ring of evasion
 E - a +4 ring of slaying (right hand)
 G - a ring of willpower (left hand)
Wands
 c - a wand of flame (27)
 C - a wand of iceblast (3)
 F - a wand of paralysis (2)
 M - a wand of charming (4)
Scrolls
 d - a scroll of fear
 f - 2 scrolls of enchant armour
 k - 2 scrolls of acquirement
 l - 3 scrolls of teleportation
 q - 3 scrolls of immolation
 w - 2 scrolls of amnesia {unknown}
 x - a scroll of blinking {unknown}
 y - 2 scrolls of holy word
 B - a scroll of enchant weapon {unknown}
 H - 2 scrolls of vulnerability
 U - a scroll of summoning {unknown}
Potions
 e - 2 potions of lignification {unknown}
 i - 3 potions of mutation
 m - 2 potions of brilliance {unknown}
 o - 2 potions of resistance {unknown}
 p - a potion of haste {unknown}
 s - 3 potions of flight
 z - a potion of invisibility {unknown}
 A - 3 potions of heal wounds {unknown}
 D - a potion of berserk rage {unknown}
 K - 3 potions of attraction {unknown}
 L - 4 potions of might
 Q - 2 potions of degeneration {unknown}


   Skills:
 * Level 12.1 Fighting
 + Level 5.3 Long Blades
 + Level 12.7(12.8) Axes
 + Level 1.1(8.2) Maces & Flails
 + Level 10.7 Armour
 * Level 7.7 Dodging
 * Level 5.7 Stealth
 * Level 7.7 Shields
 * Level 5.6 Evocations


You had 11 spell levels left.
You didn't know any spells.
Your spell library was empty.

Dungeon Overview and Level Annotations

Branches:
Dungeon (14/15)            Temple (0/1) D:4            Lair (0/6) D:9
    Orc (0/2) D:10         Vaults (0/5) D:13          Sewer (visited)
Ossuary (visited)

Altars:
Dithmenos
Gozag
Hepliaklqana
Kikubaaqudgha
Okawaru
Ru
Uskayaw
Vehumet
Xom
Zin
The Shining One

Shops:
D:1 ?   D:5 (*

Annotations:
D:4 3 runed translucent doors, Sin92's ghost, amateur DsFi
D:14 Agnes; Roxanne


Innate Abilities, Weirdness & Mutations

You have a pair of horns on your head.
You reflexively headbutt those who attack you in melee.
You do not regenerate when monsters are visible.


Message History

You slash the human! You freeze the human.
You feel the power of Trog in you as your rage grows.
You kill the human!
Trog accepts your kill.
You hit the freezing wraith. You closely miss the manticore.
You block the orc knight's attack. You block the manticore's attack.
The manticore claws you!
* * * LOW HITPOINT WARNING * * *
You block the manticore's attack. The freezing wraith hits you!
* * * LOW HITPOINT WARNING * * *
The freezing wraith freezes you!!
* * * LOW HITPOINT WARNING * * *
The freezing wraith closely misses you.
You are too berserk!
You barely miss the orc knight.
The orc knight is heavily wounded.
You slash the manticore! You freeze the manticore.
You slash the freezing wraith!
The howler monkey hoots and howls with incredible vigour!
The orc knight closely misses you. The manticore closely misses you.
You furiously retaliate!
You headbutt the manticore, but do no damage.
The manticore claws you but does no damage. x2
You hear a howl!
You hear an angry buzzing noise. x4; You hear two shouts!
You hear a shout!
You closely miss the orc knight.
You headbutt the orc knight, but do no damage.
The orc knight is heavily wounded.
You slash the manticore! You freeze the manticore.
You kill the manticore!
Trog accepts your kill.
You hit the freezing wraith but do no damage.
The freezing wraith completely misses you.
You furiously retaliate!
You headbutt the freezing wraith.
The freezing wraith completely misses you.
You slash the orc knight!
The orc knight is severely wounded.
You slash the freezing wraith!
The orc knight hits you with a +2 great mace of protection!
You die...

..## ...#
#... ...
#.. ###..
###...†##
#.....o@#
##.h..†W#
.....h..#
.........
...h....#
#........
.......}#
##......#


You could see an orc knight, a freezing wraith and 3 howler monkeys.

Vanquished Creatures
  A hydra (D:11)
  A boulder beetle (D:11)
  A centaur warrior (D:13)
  5 two-headed ogres
  Erica (D:10)
  Urug (D:10)
  An orange crystal statue (D:9)
  2 manticores
  A cyclops (D:9)
  An elephant (D:9)
  Joseph (D:8)
  3 gargoyles (D:10)
  Maggie (D:6)
  A yaktaur (shapeshifter) (D:13)
  A hornet (D:9)
  A troll (D:6)
  2 polar bears (D:8)
  Sigmund (D:6)
  A vampire (D:10)
  A shadow (D:11)
  5 yaks (D:11)
  A wraith (D:10)
  16 humans
  A basilisk (D:9)
  2 wyverns
  A steam dragon (D:8)
  Grum (D:8)
  A golden eye (shapeshifter) (D:8)
  An acid dragon (D:11)
  4 water moccasins
  Duvessa (D:7)
  A hornet zombie (D:9)
  3 ice beasts
  2 sky beasts
  A black bear (D:9)
  3 necrophages
  9 orc warriors
  An ogre (D:6)
  9 centaurs
  7 wolves (D:8)
  An elf zombie (Ossuary)
  2 kobold brigands
  5 bullfrogs
  A gnoll sergeant (D:6)
  A scorpion (D:7)
  A water moccasin zombie (D:6)
  A hornet simulacrum (D:8)
  Dowan (D:7)
  8 wights (D:9)
  12 killer bees
  4 howler monkeys
  3 electric eels (D:8)
  A bullfrog zombie (D:5)
  4 centaur zombies
  3 jellies
  2 hounds
  A bullfrog skeleton (D:3)
  5 orc priests
  2 centaur skeletons
  A gnoll shaman (D:7)
  Jessica (D:2)
  Natasha (D:3)
  3 iguanas
  12 orc wizards
  2 centaur simulacra (D:8)
  A hound skeleton (D:5)
  2 mummies (Ossuary)
  16 gnolls
  12 adders
  6 white imps
  2 ufetubi
  An adder skeleton (D:4)
  A worm (D:3)
  A dart slug (D:4)
  30 orcs
  5 bats
  5 endoplasms
  9 giant cockroaches
  6 goblins
  8 hobgoblins
  3 jackals (D:3)
  14 kobolds
  10 quokkas
  13 ball pythons
  9 frilled lizards
  A goblin zombie (Ossuary)
  13 hobgoblin zombies (Ossuary)
  A jackal zombie (Ossuary)
  10 kobold zombies (Ossuary)
  7 orc zombies (Ossuary)
  3 rats
  A rat zombie (Ossuary)
366 creatures vanquished.

Vanquished Creatures (collateral kills)
  A boulder beetle (D:10)
  A catoblepas (D:10)
  A basilisk (D:10)
3 creatures vanquished.

Vanquished Creatures (others)
  An orc wizard (D:8)
1 creature vanquished.

Grand Total: 370 creatures vanquished

Notes
Turn   | Place    | Note
-------+----------+-------------------------------------------
     0 | D:1      | cbfl8 the Minotaur Berserker began the quest for the Orb.
     0 | D:1      | Reached XP level 1. HP: 19/19 MP: 0/0
   119 | D:1      | Reached XP level 2. HP: 15/27 MP: 1/1
   512 | D:1      | Found a faded altar of an unknown god.
   548 | D:1      | Found Zaput's Magic Scroll Boutique.
  1101 | D:2      | Found a shimmering altar of Xom.
  1138 | D:2      | Noticed Jessica
  1145 | D:2      | Killed Jessica
  1146 | D:2      | Reached XP level 3. HP: 27/33 MP: 2/2
  1504 | D:3      | Reached XP level 4. HP: 40/40 MP: 3/3
  1670 | D:3      | Reached ** piety under Trog
  1736 | D:3      | Found a glowing drain.
  1745 | Sewer    | Entered a sewer
  1928 | Sewer    | Reached skill level 5 in Axes
  2053 | Sewer    | Noticed a bullfrog
  2054 | Sewer    | Noticed a bullfrog
  2061 | Sewer    | Killed a bullfrog
  2062 | Sewer    | Reached XP level 5. HP: 47/47 MP: 4/4
  2076 | Sewer    | Reached skill level 1 in Stealth
  2076 | Sewer    | Reached XP level 6. HP: 14/55 MP: 5/5
  2768 | D:3      | Reached skill level 5 in Fighting
  2916 | D:3      | Reached *** piety under Trog
  3002 | D:3      | Found a hazy altar of Hepliaklqana.
  3145 | D:3      | Noticed Natasha
  3153 | D:3      | Killed Natasha
  3390 | D:4      | Found an iron altar of Okawaru.
  3439 | D:4      | Found a shadowy altar of Dithmenos.
  3460 | D:4      | Found an ancient bone altar of Kikubaaqudgha.
  3523 | D:4      | Found a runed translucent gate.
  3525 | D:4      | Found a runed translucent gate.
  3527 | D:4      | Found an opulent altar of Gozag.
  3545 | D:4      | Found a hide-covered altar of Uskayaw.
  3569 | D:4      | Found a radiant altar of Vehumet.
  3631 | D:4      | Found a runed translucent gate.
  3644 | D:4      | Noticed Sin92's ghost (amateur DsFi)
  3731 | D:4      | Found a staircase to the Ecumenical Temple.
  3739 | D:4      | Reached skill level 1 in Long Blades
  3983 | D:5      | Entered Level 5 of the Dungeon
  4206 | D:5      | Noticed a sky beast
  4225 | D:5      | Killed a sky beast
  4226 | D:5      | Reached skill level 5 in Armour
  4309 | D:5      | Reached XP level 7. HP: 61/61 MP: 6/6
  4614 | D:5      | Found Syn Napn's Neck Hole.
  4676 | D:5      | Found Cyifoe Itia's Weapon Shoppe.
  4880 | D:6      | Noticed Sigmund
  5596 | D:6      | Reached XP level 8. HP: 71/71 MP: 7/7
  5600 | D:6      | Noticed a troll
  5608 | D:6      | Killed a troll
  5613 | D:6      | Reached skill level 5 in Long Blades
  5843 | D:6      | Found a sacrificial altar of Ru.
  5930 | D:6      | Reached **** piety under Trog
  5948 | D:6      | Noticed Maggie
  5959 | D:6      | Killed Maggie
  5960 | D:6      | Reached XP level 9. HP: 81/81 MP: 8/8
  6484 | D:6      | Reached skill level 1 in Shields
  6498 | D:6      | Killed Sigmund
  6608 | D:6      | Reached skill level 1 in Evocations
  7191 | D:7      | Noticed Dowan
  7193 | D:7      | Noticed Duvessa
  7202 | D:7      | Killed Duvessa
  7214 | D:7      | Killed Dowan
  7746 | D:7      | Reached XP level 10. HP: 91/91 MP: 9/9
  8017 | D:8      | Identified 2 scrolls of acquirement
  8025 | D:8      | Noticed Grum
  8039 | D:8      | Killed Grum
  8100 | D:8      | Reached skill level 5 in Dodging
  8233 | D:8      | Reached ***** piety under Trog
  8281 | D:8      | Found a sand-covered staircase.
  8287 | Ossuary  | Entered an ossuary
  8344 | Ossuary  | Received a gift from Trog
  8721 | D:8      | Reached skill level 10 in Axes
  8733 | D:8      | Identified the +3 pair of boots of Hauqaig {Rampage rPois
                  | Will- Dex+3}
  8804 | D:8      | HP: 4/93 [electric eel/bolt of electricity (7)]
  9125 | D:8      | Noticed Joseph
  9137 | D:8      | Killed Joseph
  9145 | D:8      | Reached skill level 10 in Fighting
  9689 | D:8      | Noticed a two-headed ogre
  9697 | D:8      | Killed a two-headed ogre
  9947 | D:9      | Reached XP level 11. HP: 76/98 MP: 10/10
  9951 | D:9      | Reached skill level 5 in Shields
 10151 | D:9      | Found a staircase to the Lair.
 10175 | D:9      | Paralysed by a hornet for 1 turns
 10252 | D:9      | Noticed an orange crystal statue
 10427 | D:9      | Found a glowing silver altar of Zin.
 10567 | D:9      | Noticed a two-headed ogre
 10574 | D:9      | Killed a two-headed ogre
 10824 | D:9      | Killed an orange crystal statue
 11136 | D:10     | Entered Level 10 of the Dungeon
 11249 | D:10     | Found an opulent altar of Gozag.
 11250 | D:10     | Found a glowing golden altar of the Shining One.
 11270 | D:10     | Noticed a two-headed ogre
 11279 | D:10     | Killed a two-headed ogre
 11347 | D:10     | Noticed Erica
 11347 | D:10     | Noticed Urug
 11362 | D:10     | Killed Urug
 11364 | D:10     | Killed Erica
 11831 | D:10     | Noticed a two-headed ogre
 11832 | D:10     | Noticed a catoblepas
 11833 | D:10     | Noticed a boulder beetle
 11838 | D:10     | Killed a two-headed ogre
 11842 | D:10     | Reached skill level 10 in Armour
 11843 | D:10     | Killed a boulder beetle
 11844 | D:10     | Reached skill level 5 in Stealth
 11846 | D:10     | Killed a catoblepas
 11847 | D:10     | Reached XP level 12. HP: 110/110 MP: 11/11
 11880 | D:10     | Got the +6 eveningstar of Gin and Tonic {vorpal, Contam
                  | rN++}
 11999 | D:10     | Found a staircase to the Orcish Mines.
 12234 | D:11     | Noticed a six-headed hydra
 12244 | D:11     | Killed a six-headed hydra
 12245 | D:11     | Reached skill level 5 in Evocations
 12307 | D:11     | Gained mutation: You do not regenerate when monsters are
                  | visible. [mutagenic glow]
 12591 | D:11     | Noticed a boulder beetle
 12607 | D:11     | Killed a boulder beetle
 12817 | D:11     | Received a gift from Trog
 12818 | D:11     | Reached skill level 1 in Maces & Flails
 13101 | D:11     | You fall into a shaft and drop 3 floors!
 13101 | D:14     | Noticed Agnes
 13106 | D:14     | Identified Roxanne's Grimoire of Changing
 13106 | D:14     | Noticed Roxanne
 13163 | D:14     | Found a shimmering altar of Xom.
 13163 | D:14     | Found a shimmering altar of Xom.
 13163 | D:14     | Found a shimmering altar of Xom.
 13164 | D:14     | Found a shimmering altar of Xom.
 13172 | D:13     | Noticed a centaur warrior
 13172 | D:13     | Noticed a two-headed ogre
 13172 | D:13     | Found a gate to the Vaults.
 13187 | D:13     | Killed a two-headed ogre
 13189 | D:13     | Killed a centaur warrior
 13196 | D:12     | Slain by an orc knight

Illustrated notes

Levels and vault maps discovered:
D:1:      dpeg_arrival_water_temple_mockup, layout_basic, serial_shops,
          nicolae_shop_window_shopping, ebering_ecumenical_altar_webs
D:2:      layout_basic, basic_altar, uniq_jessica
D:3:      layout_loops_corners, mainiacjoe_overflow_surrounded_room,
          cheibrodos_sewer_entry_sluice, uniq_natasha
D:4:      layout_rooms, mainiacjoe_overflow_cross_hatched,
          nicolae_uskayaw_murder_on_the_dancefloor,
          nicolae_overflow_hidden_temple, mainiacjoe_overflow_large_starburst,
          ebering_ghost_gozag, chequers_garden
D:5:      layout_loops_ring, serial_shops, nicolae_shop_bloodbath_and_beyond,
          nicolae_shop_sticking_my_neck_out
D:6:      layout_cave_pools, nicolae_ru_sacrificial_ziggurat,
          minmay_joined_circles, uniq_sigmund, uniq_maggie
D:7:      layout_loops_corners, uniq_duvessa
D:8:      layout_loops_ring, serial_ice, serial_ice_i, serial_ice_h,
          serial_ice_f, serial_ice_n, serial_ice_e, serial_ice_o,
          nicolae_ossuary_entry_false_entrances, uniq_joseph, uniq_grum
D:9:      layout_loops_cross, zin_academy, david_lair_generic, minivault_16,
          minmay_misc_feat_four_crosses
D:10:     minmay_roctagon, layout_stronghold, gammafunk_temple_overflow_statue,
          orc_0_dummy, uniq_erica, uniq_urug
D:11:     layout_rooms, trove_entry_hex_spiral
D:12:     minmay_separated_statues, layout_cave_pools, gauntlet_entry_generic
D:13:     layout_small_grid, david_vaults_3, nicolae_shop_clearance
D:14:     layout_cave_pools, nicolae_vehumet_radiance, kennysheep_nub,
          xom_shifter_show, uniq_roxanne, uniq_agnes

Skill      XL: |  1  2  3  4  5  6  7  8  9 10 11 12 |
---------------+-------------------------------------+-----
Fighting       | 4 5 6 8 9 10 11 12 | 12.1
Axes           | 4 5 6 7 9 10 11 12 | 12.7
Armour         | 3 4 5 6 7 8 9 10 | 10.7
Dodging        | 3 4 5 6 7 |  7.7
Stealth        | 1 2 3 5 |  5.7
Long Blades    | 2 4 5 |  5.3
Shields        | 2 4 6 7 |  7.7
Evocations     | 2 3 4 5 |  5.6
Maces & Flails | 1 |  1.1

Action                   |  1- 3 |  4- 6 |  7- 9 | 10-12 || total
-------------------------+-------+-------+-------+-------++-------
Melee: Hand axe          |    50 |    75 |       |       ||   125
       Headbutt          |     9 |    21 |    39 |    97 ||   166
       Punch             |       |     5 |       |       ||     5
       Falchion          |       |   103 |    17 |       ||   120
       War axe           |       |       |   187 |   408 ||   595
       Eveningstar       |       |       |       |     7 ||     7
Invok: Berserk           |       |     1 |     5 |     9 ||    15
       Trog's Hand       |       |       |     7 |     3 ||    10
       Brothers in Arms  |       |       |       |     1 ||     1
Evoke: Wand              |       |       |       |     3 ||     3
  Use: Scroll            |       |     1 |     2 |    16 ||    19
       Potion            |       |       |       |     4 ||     4
 Stab: Distracted        |       |       |       |     1 ||     1
Armor: Ring mail         |    19 |    27 |       |       ||    46
       Plate armour      |       |    34 |   109 |   294 ||   437
Dodge: Dodged            |    41 |   182 |   197 |   183 ||   603
Block: Kite shield       |       |       |    39 |   230 ||   269
